 Dungeon Crawl Stone Soup version 0.27.1-34-g3ba077fa99 (webtiles) character file.

Game seed: 15239585881889288072

87 safid the Skirmisher (level 4, 0/41 HPs)
             Began as a Hill Orc Fighter on Feb 4, 2022.
             Slain by a gnoll (8 damage)
             ... on level 3 of the Dungeon.
             The game lasted 00:03:14 (1771 turns).

safid the Skirmisher (Hill Orc Fighter)             Turns: 1771, Time: 00:03:15

Health: 0/41       AC: 12    Str: 19    XL:     4   Next: 51%
Magic:  4/4        EV:  3    Int:  8    God:
Gold:   87         SH: 14    Dex: 10    Spells: 3/3 levels left

rFire    . . .     SeeInvis .   a - +0 war axe
rCold    . . .     Faith    .   c - +0 kite shield
rNeg     . . .     Spirit   .   n - +0 plate armour
rPois    .         Reflect  +   i - +0 helmet
rElec    .         Harm     .   (no cloak)
rCorr    .         Rampage  .   (no gloves)
Will     .....                  (no boots)
Stlth    ..........             f - amulet of reflection
HPRegen  0.13/turn              (no ring)
MPRegen  0.09/turn              (no ring)

@: no status effects
A: no striking features
a: no special abilities


You were on level 3 of the Dungeon.
You visited 1 branch of the dungeon, and saw 3 of its levels.

You collected 87 gold pieces.

Inventory:

Hand Weapons
 a - a +0 war axe (weapon)
Missiles
 g - 8 javelins (quivered)
 m - 2 boomerangs
Armour
 c - a +0 kite shield (worn)
 i - a +0 helmet (worn)
 n - a +0 plate armour (worn)
Jewellery
 f - an amulet of reflection (around neck)
Scrolls
 b - a scroll of identify {unknown}
 h - 2 scrolls of fog {unknown}
 j - a scroll of noise {unknown}
 l - a scroll of acquirement {unknown}
 p - a scroll of teleportation {unknown}
 r - a scroll of amnesia {unknown}
Potions
 d - a potion of might
 e - a potion of magic {unknown}
 k - a potion of berserk rage {unknown}
 o - a potion of heal wounds {unknown}
 q - a potion of brilliance {unknown}
 s - a potion of flight {unknown}


   Skills:
 + Level 4.3 Fighting
 + Level 3.8 Axes
 - Level 4.0 Armour
 + Level 4.0 Shields


You had 3 spell levels left.
You didn't know any spells.
Your spell library contained the following spells:

 Spells                   Type           Power      Damage    Failure   Level
 Magic Dart               Conj           0%         1d3       100%        1
 Summon Small Mammal      Summ           0%         N/A       100%        1
 Searing Ray              Conj           0%         3d3       100%        2
 Call Canine Familiar     Summ           0%         N/A       100%        3
 Summon Guardian Golem    Hex/Summ       0%         N/A       100%        3
 Fulminant Prism          Conj/Hex       0%         3d6       100%        4


Dungeon Overview and Level Annotations

Branches:
Dungeon (3/15)

Altars:
Wu Jian


Message History

You closely miss the gnoll. You hit the gnoll.
You kill the gnoll!
You hit the gnoll. You block the gnoll's attack. x2
The gnoll hits you with a +0 flail. The gnoll hits you but does no damage.
You block the gnoll's attack.
You hit the gnoll.
The gnoll is almost dead.
You hit the gnoll. You closely miss the gnoll.
The gnoll hits you with a +0 flail.
* * * LOW HITPOINT WARNING * * *
You block the gnoll's attack. The gnoll hits you with a +0 flail.
* * * LOW HITPOINT WARNING * * *
The gnoll hits you with a +0 flail.
* * * LOW HITPOINT WARNING * * *
You slash the gnoll!
You kill the gnoll!
You hit the gnoll. You hit the gnoll but do no damage.
You block the gnoll's attack. The gnoll barely misses you.
You block the gnoll's attack. The gnoll hits you but does no damage.
Your Shields skill increases to level 4!
Unknown command.
You hit the gnoll.
You kill the gnoll!
You closely miss the gnoll. You completely miss the necrophage.
The necrophage hits you but does no damage.
You block the gnoll's attack. The necrophage barely misses you.
Training target 4.0 for Armour reached!
Your Armour skill increases to level 4!
You hit the gnoll.
The gnoll is heavily wounded.
You hit the necrophage but do no damage.
The gnoll hits you but does no damage.
The necrophage hits you but does no damage.
You block the gnoll's attack.
Unknown command.
Your plate armour prevents you from hitting the gnoll.
The gnoll is heavily wounded.
You hit the necrophage. You block the necrophage's attack.
The gnoll hits you with a +0 flail!
You die...

...#...........
............!..
#.#...........#
#..............
..............
......<....
#gn)......
#)@...# #.....#
#.....# #...<.#
#.....# #.....#
#.....# #.....#
#######


You could see a necrophage and a gnoll.

Vanquished Creatures
  An adder (D:2)
  3 gnolls (D:3)
  A dart slug (D:1)
  3 bats
  4 endoplasms
  2 goblins (D:2)
  5 hobgoblins
  4 jackals (D:1)
  7 kobolds
  3 quokkas
  3 ball pythons
  2 frilled lizards
  8 rats
46 creatures vanquished.

Notes
Turn   | Place    | Note
-------+----------+-------------------------------------------
     0 | D:1      | safid the Hill Orc Fighter began the quest for the Orb.
     0 | D:1      | Reached XP level 1. HP: 19/19 MP: 1/1
   163 | D:1      | Reached XP level 2. HP: 20/27 MP: 2/2
   823 | D:1      | Reached XP level 3. HP: 33/33 MP: 3/3
  1362 | D:2      | Found a faded altar of an unknown god.
  1540 | D:2      | Found an ornate altar of the Wu Jian Council.
  1762 | D:3      | Noticed a necrophage
  1765 | D:3      | Reached XP level 4. HP: 27/40 MP: 4/4
  1771 | D:3      | Slain by a gnoll

Illustrated notes

Levels and vault maps discovered:
D:1:      amcnicky_arrival_single_pillar, layout_basic, corner_web_ring
D:2:      layout_basic, basic_altar, hellmonk_ecumenical_altar_zigzags
D:3:      layout_rooms, uniq_crazy_yiuf_cottage

Skill      XL: |  1  2  3  4 |
---------------+-------------+-----
Axes           | 3 |  3.8
Fighting       | 4 |  4.3
Shields        | 4 |  4.0
Armour         | 4 |  4.0

Action                   |  1- 3 |  4- 6 || total
-------------------------+-------+-------++-------
Melee: War axe           |   120 |     7 ||   127
Armor: Scale mail        |    24 |       ||    24
       Plate armour      |    24 |     6 ||    30
Dodge: Dodged            |    25 |     2 ||    27
Block: Kite shield       |   101 |    12 ||   113
